 Dungeon Crawl Stone Soup version 0.30-a0-459-g9104f0fc43 (webtiles) character file.

Game seed: 17587254291328538547

7 snetch the Trooper (level 2, -4/27 HPs)
             Began as a Hill Orc Fighter on Dec 15, 2022.
             Slain by Natasha (5 damage)
             ... on level 2 of the Dungeon.
             The game lasted 00:00:16 (94 turns).

snetch the Trooper (Hill Orc Fighter)                 Turns: 94, Time: 00:00:16

Health: -4/27      AC:  6    Str: 18    XL:     2   Next: 0%
Magic:  2/2        EV:  9    Int:  8    God:
Gold:   0          SH:  4    Dex: 10    Spells: 1/1 levels left

rFire   . . .      SeeInvis .    a - +0 war axe
rCold   . . .      Faith    .    c - +0 buckler
rNeg    . . .      Spirit   .    b - +0 scale mail
rPois   .          Reflect  .    (no helmet)
rElec   .          Harm     .    (no cloak)
rCorr   .          Rampage  .    (no gloves)
Will    .....                    (no boots)
Stlth   ..........               (no amulet)
HPRegen 0.24/turn                (no ring)
MPRegen 0.08/turn                (no ring)

@: no status effects
A: no striking features
a: no special abilities


You were on level 2 of the Dungeon.
You visited 1 branch of the dungeon, and saw 2 of its levels.

Inventory:

Hand Weapons
 a - a +0 war axe (weapon)
Missiles
 g - 3 stones (quivered)
Armour
 b - a +0 scale mail (worn)
 c - a +0 buckler (worn)
Scrolls
 e - a scroll of fog {unknown}
Potions
 d - a potion of might
 f - a potion of curing {unknown}


   Skills:
 + Level 3.9 Fighting
 + Level 2.6 Axes
 + Level 3.5 Armour
 + Level 3.2 Shields


You had one spell level left.
You didn't know any spells.
Your spell library was empty.

Dungeon Overview and Level Annotations

Branches:
Dungeon (2/15)

Altars:

Annotations:
D:2 Natasha


Message History

You slash the bat!
You kill the bat!
You slash the dart slug!
You kill the dart slug!
Unknown command.
The dart slug closely misses you.
You slash the dart slug!
The dart slug is severely wounded.
The dart slug launches a dart at you. The slug dart hits you.
You barely miss the dart slug.
The dart slug is severely wounded.
The dart slug bites you but does no damage.
You hit the dart slug but do no damage.
The dart slug is severely wounded.
The dart slug launches a dart at you. The slug dart misses you.
You slash the dart slug!
You kill the dart slug!
You have reached level 2!
Items here: ( ) ††.
g - 3 stones
There is a stone staircase leading down here.
You climb downwards.
Natasha hisses angrily.
There is a stone staircase leading up here.
Natasha casts a spell.
You closely miss Natasha.
Natasha zaps a wand.
The puff of flame misses you.
You closely miss Natasha. Natasha barely misses you.
Natasha stares at you and mumbles some strange words.
The magic dart hits you!
You hit Natasha.
Natasha is moderately wounded.
You hit the white imp. The white imp barely misses you.
Natasha zaps a wand.
The puff of flame hits you. The white imp gestures at you.
The puff of frost hits you!
* * * LOW HITPOINT WARNING * * *
Natasha attacks as you move away! Natasha claws you.
You die...

### .. .#
##.# #<.#
#.## #@#
#..h5.#
........#
####.....#
#.....#
......#
.......#
#.#.#...#


You could see Natasha and a white imp (summoned).

Vanquished Creatures
  2 dart slugs (D:1)
  A bat (D:1)
  A kobold (D:1)
4 creatures vanquished.

Notes
Turn   | Place    | Note
-------+----------+-------------------------------------------
     0 | D:1      | snetch the Hill Orc Fighter began the quest for the Orb.
     0 | D:1      | Reached XP level 1. HP: 19/19 MP: 1/1
    82 | D:1      | Reached XP level 2. HP: 19/27 MP: 2/2
    88 | D:2      | Noticed Natasha
    93 | D:2      | HP: 1/27 [white imp/puff of frost[Natasha] (8)]
    94 | D:2      | Slain by Natasha

Illustrated notes

Levels and vault maps discovered:
D:1:      wheals_arrival_linesprint, layout_basic,
          shapermc_ecumenical_altar_acropolis, minmay_crystal_room,
          minmay_misc_feat_plants
D:2:      layout_rooms, serial_bayou_pond_e, uniq_terence, uniq_natasha

Action                   || total
-------------------------++-------
Melee: War axe           ||    15
Armor: Scale mail        ||     4
Dodge: Dodged            ||    11
Block: Buckler           ||     1

Table legend: (Time is in decaauts)
 A = Elapsed time spent in this place.
 B = Non-inter-level travel time spent in this place.
 C = Inter-level travel time spent in this place.
 D = Time resting spent in this place.
 E = Time spent auto-exploring this place.
 F = Levels seen in this place.
 G = Mean time per level.
                   A        B        C        D        E       F      G
               +--------+--------+--------+--------+--------+-----+--------+
         Total |     99 |     99 |      0 |      0 |     62 |   2 |   49.5 |
       Dungeon |     99 |     99 |      0 |      0 |     62 |   2 |   49.5 |
               +--------+--------+--------+--------+--------+-----+--------+

Top non-repeatable levels by time:
     D:1: 92 daAuts
     D:2: 6 daAuts
